cohdb
Replays
Latest Replays
All Replays
Popular Replays
Top Player Replays
Match Explorer
How It Works
Community
CoH3 Stats
Reddit
Sign in to upload your games and track your stats! →
Sign in with Steam
Match 43774327
Unlisted
Match 43774327
Overview
Messages
Build Orders
End
Construct Section Command Post
ML 3-inch Mortar Team
Infantry Section
Selects Australian Defense Battlegroup
Selects Australian Light Infantry Section
Australian Light Infantry Section
Australian Light Infantry Section
Construct Platoon Command Post
Humber Armored Car
Selects CMP 15cwt Supply Run
CMP 15cwt Supply Run
Selects Defensive Tactics
Construct Company Command Post
Selects Reinforced Resource Caches
CMP 15cwt Supply Run
Selects Hold the Line!
Unlock M3 Grant Medium Tanks
Hold the Line!
M3 Grant Medium Tank
CMP 15cwt Supply Run
Selects Charged Creeping Barrage
Charged Creeping Barrage
M3 Grant Medium Tank
Charged Creeping Barrage
Royal Engineer Section
M3 Grant Medium Tank
CMP 15cwt Supply Run
Royal Engineer Section
Hold the Line!
M3 Grant Medium Tank
Charged Creeping Barrage
M3 Grant Medium Tank
CMP 15cwt Supply Run
Charged Creeping Barrage
Foot Guards Section
M3 Grant Medium Tank
Charged Creeping Barrage
M3 Grant Medium Tank
Foot Guards Section
Charged Creeping Barrage
DarkLord
juve1975
vespasianxci
PYPA
Donald Trumps Wall
Xohaib
SandKraut
Hetman
0
0
Comments
sign in to comment!
No comments posted yet!